 Dungeon Crawl Stone Soup version 0.19.0 (webtiles) character file.

124 Softman25 the Cudgeler (level 5, -4/54 HPs)
             Began as an Ogre Berserker on Nov 19, 2016.
             Was a Priest of Trog.
             Slain by a gnoll
             ... wielding a +0 spear
              (6 damage)
             ... on level 3 of the Dungeon.
             The game lasted 00:03:42 (1690 turns).

Softman25 the Cudgeler (Ogre Berserker)             Turns: 1690, Time: 00:03:43

Health: -4/54      AC:  4    Str: 22    XL:     5   Next: 8%
Magic:  5/5        EV: 10    Int:  6    God:    Trog [***...]
Gold:   118        SH:  0    Dex: 10    Spells: 0 memorised, 4 levels left

rFire  . . .     SeeInvis .     a - +1 mace
rCold  . . .     Gourm    .     b - +1 animal skin
rNeg   . . .     Faith    .     (no shield)
rPois  .         Spirit   .     (helmet restricted)
rElec  .         Reflect  .     (no cloak)
rCorr  .         Harm     .     (gloves unavailable)
MR     .....                    (boots unavailable)
Stlth  +.........               (no amulet)
                                (no ring)
                                (no ring)

@: exhausted, slowed, very slow
A: unfitting armour, tough skin 1
a: Berserk, Trog's Hand, Burn Spellbooks, Renounce Religion


You were on level 3 of the Dungeon.
You worshipped Trog.
Trog was most pleased with you.
You were hungry.

You visited 1 branch of the dungeon, and saw 3 of its levels.

You collected 118 gold pieces.

Inventory:

Hand Weapons
 a - a +1 mace (weapon)
Armour
 b - a +1 animal skin (worn)
Jewellery
 g - an uncursed ring of protection from cold {unknown}
Scrolls
 f - 2 scrolls of random uselessness {unknown}
 j - a scroll of identify {@r1}
 p - a scroll of enchant armour
Potions
 d - a potion of might {unknown}
 e - a potion of heal wounds {unknown}
 h - 2 potions of lignification {unknown}
 m - a potion of cancellation {unknown}
 n - a potion of cure mutation {unknown}
 q - a potion of mutation {unknown}
Comestibles
 c - a bread ration
 i - 3 chunks of flesh
 l - 2 fruits


   Skills:
 - Level 4.0 Fighting
 + Level 7.4 Maces & Flails
 - Level 2.6 Dodging


You had 4 spell levels left.
You didn't know any spells.

Dungeon Overview and Level Annotations

Branches:
Dungeon (3/15)

Altars:
Nemelex Xobeh


Innate Abilities, Weirdness & Mutations

You are too large for most types of armour.
You have tough skin. (AC +1)


Message History

You completely miss the gnoll. The gnoll closely misses you. x2
The gnoll hits you with a spear.
* * * LOW HITPOINT WARNING * * *
The gnoll closely misses you.
You hit the gnoll but do no damage. The gnoll hits you with a club.
* * * LOW HITPOINT WARNING * * *
The gnoll hits you with a spear.
* * * LOW HITPOINT WARNING * * *
The gnoll closely misses you. x2; The gnoll hits you but does no damage.
You hit the gnoll.
The gnoll is moderately wounded.
The gnoll barely misses you. The gnoll hits you with a club.
* * * LOW HITPOINT WARNING * * *
The gnoll completely misses you. The gnoll closely misses you.
You hit the gnoll.
The gnoll is heavily wounded.
The gnoll hits you with a spear!
* * * LOW HITPOINT WARNING * * *
The gnoll barely misses you. x2; The gnoll hits you with a spear.
You die...

## #### .##.## ##...#
#### .....###.##.###..
#.#...#.......#.#
#.#...........#.####
.......#...........#
#.........)...#.##.##.#
......###......)@g....#
......########.gg.....#
##.####.....##.###.#.##
##.####.....##.# .# #
##......>...##.# #
#######.....##.. ...#
#.....##.? ##.#
#########. # #


You could see 3 gnolls.

Vanquished Creatures
  A gnoll (D:3)
  2 adders
  An ooze (D:1)
  A worm (D:2)
  9 dart slugs
  3 leopard geckos
  An orc (D:3)
  8 giant cockroaches
  9 goblins
  6 hobgoblins
  8 bats
  4 frilled lizards
  4 kobolds
  7 rats
64 creatures vanquished.

Notes
Turn   | Place    | Note
-------+----------+-------------------------------------------
     0 | D:1      | Softman25 the Ogre Berserker began the quest for the Orb.
     0 | D:1      | Reached XP level 1. HP: 24/24 MP: 1/1
   110 | D:1      | Reached XP level 2. HP: 18/32 MP: 2/2
   162 | D:1      | Reached skill level 5 in Maces & Flails
   210 | D:1      | Found a sparkling altar of Nemelex Xobeh.
   359 | D:1      | Reached ** piety under Trog
   380 | D:1      | Reached XP level 3. HP: 37/39 MP: 3/3
   599 | D:2      | Reached skill level 6 in Maces & Flails
   777 | D:2      | Reached XP level 4. HP: 44/48 MP: 4/4
  1353 | D:3      | Reached *** piety under Trog
  1377 | D:3      | Reached skill level 7 in Maces & Flails
  1683 | D:3      | Reached XP level 5. HP: 43/54 MP: 5/5
  1690 | D:3      | HP: 2/54 [gnoll/spear (7)]
  1690 | D:3      | Slain by a gnoll

Skill      XL: |  1  2  3  4 |
---------------+-------------+-----
Maces & Flails | 5 6 7 |  7.4
Fighting       | |  4.0
Dodging        | |  2.6

Action                   |  1- 3 |  4- 6 || total
-------------------------+-------+-------++-------
Melee: Mace              |   107 |    86 ||   193
Invok: Berserk           |       |     2 ||     2
  Use: Scroll            |       |     6 ||     6
 Stab: Sleeping          |     1 |       ||     1
  Eat: Chunk             |       |     4 ||     4
Armor: Animal skin       |    46 |    31 ||    77
Dodge: Dodged            |    56 |    59 ||   115
